 Dungeon Crawl Stone Soup version 0.23-a0-290-g290e36d (webtiles) character file.

2 Amnesiac the Digger (level 1, 0/7 HPs)
             Began as a Felid Earth Elementalist on Oct 3, 2018.
             Slain by a hobgoblin
             ... wielding a +0 club
              (2 damage)
             ... on level 1 of the Dungeon.
             The game lasted 00:00:35 (50 turns).

Amnesiac the Digger (Felid Earth Elementalist)        Turns: 50, Time: 00:00:36

Health: 0/7        AC:  1    Str:  4    XL:     1   Next: 25%
Magic:  2/4        EV: 18    Int: 16    God:
Gold:   0          SH:  0    Dex: 16    Spells: 3/4 levels left
                                        Lives:  0   Deaths: 0

rFire    . . .     SeeInvis +   (weapon unavailable)
rCold    . . .     Gourm    .   (shield unavailable)
rNeg     . . .     Faith    .   (armour unavailable)
rPois    .         Spirit   .   (helmet unavailable)
rElec    .         Reflect  .   (cloak unavailable)
rCorr    .         Harm     .   (gloves unavailable)
MR       .....                  (boots unavailable)
Stlth    +++.......             (no amulet)
HPRegen  0.02/turn              (no ring)
MPRegen  0.09/turn              (no ring)

@: very slightly contaminated, quick
A: very small, no armour, no weapons or thrown items, stealth, claws 1, fangs 3,
see invisible, carnivore, speed 1, shaggy fur 1, slow metabolism 1, sharp paws
a: no special abilities


You were on level 1 of the Dungeon.
You were not hungry.

You visited 1 branch of the dungeon, and saw 1 of its levels.

Inventory:

Missiles
 b - 29 stones
Comestibles
 c - a ration


   Skills:
 - Level 2.6 Dodging
 - Level 2.6 Stealth
 + Level 0.1 Unarmed Combat
 + Level 2.0 Spellcasting
   Level 1.1 Transmutations
 * Level 2.7 Earth Magic


You had 3 spell levels left.
You knew the following spells:

 Your Spells              Type           Power        Failure   Level  Hunger
a - Sandblast             Erth           ##....       7%          1    #......

Your spell library contained the following spells:

 Spells                   Type           Power        Failure   Level  Hunger
 Passwall                 Tmut/Erth      #.......     14%         2    ###....
 Stone Arrow              Conj/Erth      #.....       34%         3    ###....
 Petrify                  Tmut/Erth      #.......     67%         4    #####..
 Lee's Rapid Deconstruct  Erth           ##........   88%         5    ######.


Dungeon Overview and Level Annotations

Branches:
Dungeon (1/15)

Altars:


Innate Abilities, Weirdness & Mutations

You cannot wear armour.
You are incapable of wielding weapons or throwing items.
Your paws allow you to move quietly. (Stealth)
You have sharp claws.
You have razor-sharp teeth.
You have supernaturally acute eyesight. (SInv)
You are carnivorous and can eat meat at any time.
You cover ground quickly.
You are covered in fur. (AC +1)
You have a slow metabolism.
Your sharp claws are effective at attacking unaware monsters.


Message History

The bat misses you.
A giant cockroach comes into view.
You miss the bat.
The bat is moderately wounded.
The bat completely misses you. The bat closely misses you.
You closely miss the bat.
The bat is moderately wounded.
The bat closely misses you.
You barely miss the bat.
The bat is moderately wounded.
The bat misses you. The bat barely misses you. The bat closely misses you.
You barely miss the bat.
The bat is moderately wounded.
The bat misses you. The bat completely misses you.
You scratch the bat.
You kill the bat!
The hobgoblin closely misses you.
You scratch the giant cockroach but do no damage.
The giant cockroach completely misses you.
The hobgoblin closely misses you.
You scratch the giant cockroach.
The giant cockroach is moderately wounded.
The giant cockroach completely misses you.
The giant cockroach closely misses you.
You scratch the giant cockroach but do no damage.
The giant cockroach is moderately wounded.
The hobgoblin barely misses you. The giant cockroach misses you.
You scratch the giant cockroach but do no damage.
You bite the giant cockroach.
The giant cockroach is almost dead.
The hobgoblin closely misses you. The giant cockroach bites you.
You scratch the giant cockroach but do no damage.
You bite the giant cockroach.
You kill the giant cockroach!
The hobgoblin barely misses you.
You scratch the hobgoblin but do no damage.
The hobgoblin barely misses you.
You scratch the hobgoblin but do no damage.
The hobgoblin misses you.
You scratch the hobgoblin but do no damage.
The hobgoblin closely misses you.
You completely miss the hobgoblin. The hobgoblin misses you.
You scratch the hobgoblin.
The hobgoblin is severely wounded.
The hobgoblin hits you with a club.
* * * LOW HITPOINT WARNING * * *
Casting: Sandblast (safe; 7% risk of failure)
Confirm with . or Enter, or press ? or * to list all spells.
Aiming: Sandblast (safe; 7% risk of failure)
Press: ? - help, Shift-Dir - straight line, f - hobgoblin
Aim: a hobgoblin, wielding a club (severely wounded)
The blast of sand hits the hobgoblin.
The hobgoblin is severely wounded.
b - 29 stones
Casting: Sandblast (safe; 7% risk of failure)
Confirm with . or Enter, or press ? or * to list all spells.
Aiming: Sandblast (safe; 7% risk of failure)
Press: ? - help, Shift-Dir - straight line, f/p - hobgoblin
Aim: a hobgoblin, wielding a club (severely wounded)
You miscast Sandblast.
You are very lightly contaminated with residual magic.
Nothing appears to happen.
The hobgoblin hits you with a club.
You die...

#...........##
#...#..<..#...## ##.
##...###...# ##..
##### ##... #...
#...# ##.. ...###
##.#.######. #....
..#........
##.#..###.#.##...#.
#.#.@###.#..#.##.###.
#...†g...............
#####†.###########..#
##..# .## ##..# ##
#..# #..# #..# #..


You could see a hobgoblin.

Vanquished Creatures
  A giant cockroach (D:1)
  A bat (D:1)
2 creatures vanquished.

Notes
Turn   | Place    | Note
-------+----------+-------------------------------------------
     0 | D:1      | Amnesiac the Felid Earth Elementalist began the quest for
                  | the Orb.
     0 | D:1      | Reached XP level 1. HP: 7/7 MP: 4/4
    50 | D:1      | Slain by a hobgoblin

Vault maps used:
D:1:      dpeg_chamrin_arrival_tetris, hangedman_decor_growths, st_stairs_6

Action                   || total
-------------------------++-------
Melee: Unarmed           ||    18
       Bite              ||     3
 Cast: Sandblast         ||     1
Armor: Skin              ||     4
Dodge: Dodged            ||    25

Table legend:
 A = Non-vault XP
 B = Vault XP
 C = Vault XP percentage of total XP
 D = Non-vault monster count
 E = Vault monster count
 F = Vault count percentage of total count
                 A         B        C        D         E       F
            +---------+---------+-------+---------+---------+-------
      Total |       3 |       0 |   0.0 |       2 |       0 |   0.0
            +---------+---------+-------+---------+---------+-------
        D:1 |       3 |       0 |   0.0 |       2 |       0 |   0.0
            +---------+---------+-------+---------+---------+-------
